 Dungeon Crawl Stone Soup version 0.13-a0-1638-g9943704 (webtiles) character file.

222 Zergel the Stinger (level 4, -2/21 HPs)
             Began as a Spriggan Venom Mage on June 17, 2013.
             Slain by a water moccasin (4 damage)
             ... on Level 5 of the Dungeon.
             The game lasted 00:54:22 (4308 turns).

Zergel the Stinger (Spriggan Venom Mage)            Turns: 4308, Time: 00:54:22

HP  -2/21        AC  3     Str  4      XL: 4   Next: 84%
MP   8/12        EV 19     Int 17      God:
Gold 96          SH  0     Dex 16      Spells:  3 memorised,  2 levels left

Res.Fire  : . . .   See Invis. : +   w - +0,+2 dagger (venom)
Res.Cold  : . . .   Warding    : .   u - +0 elf robe
Life Prot.: + . .   Conserve   : .   (shield restricted)
Res.Poison: .       Res.Corr.  : .   (helmet restricted)
Res.Elec. : .       Clarity    : .   x - +0 cloak
Sust.Abil.: . .     Spirit.Shd : .   (gloves unavailable)
Res.Mut.  : +       Stasis     : .   (boots unavailable)
Res.Rott. : .       Flight     : .   n - amulet of resist mutation
Saprovore : . . .                    (no ring)
                                     h - ring of life protection

@: very quick, slightly resistant to hostile enchantments, stealthy
A: unfitting armour, see invisible, herbivore 3, speed 3, slow metabolism 2
a: no special abilities


You were on level 5 of the Dungeon.
You were not hungry.

You visited 1 branch of the dungeon, and saw 5 of its levels.

You collected 76 gold pieces.

Inventory:

Hand weapons
 q - a +0,+0 short sword
 w - a +0,+2 dagger of venom (weapon)
Missiles
 f - 11 darts (quivered)
 i - 37 sling bullets
 p - 48 arrows
Armour
 u - a +0 elven robe (worn)
 x - a +0 cloak (worn)
Scrolls
 l - a scroll of enchant armour {unknown}
 m - 3 scrolls of remove curse {unknown}
 o - a scroll of curse weapon {unknown}
 r - 2 scrolls of enchant weapon I {unknown}
 s - a scroll of fear {unknown}
Jewellery
 h - a ring of life protection (left hand)
 n - an amulet of resist mutation (around neck)
 t - an uncursed amulet of inaccuracy {unknown}
Potions
 c - a potion of porridge
 d - a potion of confusion {unknown}
 e - a potion of might {unknown}
 g - 2 potions of brilliance {unknown}
 j - a potion of restore abilities {unknown}
 k - a potion of heal wounds {unknown}
 v - 2 potions of curing {unknown}
Books
 a - a book of the Earth

   Spells                             Type                      Level
   Dig                                Earth                        4
   Leda's Liquefaction                Hexes/Earth                  4
   Bolt of Magma                      Conjuration/Fire/Earth       5
   Statue Form                        Transmutation/Earth          6
   Iron Shot                          Conjuration/Earth            6
   Shatter                            Earth                        9
 b - a Young Poisoner's Handbook

   Spells                             Type                      Level
   *Sting                             Conjuration/Poison           1
   *Cure Poison                       Poison                       2
   *Mephitic Cloud                    Conjuration/Poison/Air       3
   Olgreb's Toxic Radiance            Poison                       4
   Venom Bolt                         Conjuration/Poison           5


   Skills:
 + Level 0.0 Fighting
 + Level 0.0 Short Blades
   Level 0.0 Long Blades
   Level 0.0 Axes
   Level 0.0 Maces & Flails
   Level 0.0 Polearms
   Level 0.0 Staves
   Level 0.0 Slings
   Level 0.0 Bows
   Level 0.0 Crossbows
 * Level 2.1 Throwing
 + Level 0.0 Armour
 + Level 3.6 Dodging
 + Level 3.2 Stealth
   Level 0.0 Stabbing
   Level 0.0 Shields
 + Level 0.0 Traps
 + Level 0.0 Unarmed Combat
 + Level 2.8 Spellcasting
 + Level 0.5 Conjurations
   Level 0.0 Hexes
   Level 0.0 Charms
   Level 0.0 Summonings
   Level 0.0 Necromancy
   Level 0.0 Translocations
   Level 0.0 Transmutations
   Level 0.0 Fire Magic
   Level 0.0 Ice Magic
 + Level 0.1 Air Magic
   Level 0.0 Earth Magic
 + Level 4.8 Poison Magic
   Level 0.0 Invocations
   Level 0.0 Evocations


You had 2 spell levels left.
You knew the following spells:

 Your Spells              Type           Power        Failure   Level  Hunger
a - Sting                 Conj/Pois      ##..         10%         1    #......
b - Cure Poison           Pois           ###.......   3%          2    ##.....
c - Mephitic Cloud        Conj/Pois/Air  #.......     24%         3    ###....


Dungeon Overview and Level Annotations

Branches:
Dungeon (5/27)
 Temple: D:4-7

Altars:
Kikubaaqudgha
Trog
Yredelemnul

Shops:
D:5: *


Innate Abilities, Weirdness & Mutations

You are tiny and cannot use many weapons and most armour.
You have supernaturally acute eyesight.
You are a herbivore.
You cover ground extremely quickly.
You need consume almost no food.


Message History

There are monsters nearby!
You feel sick.
You feel a little better.
* * * LOW HITPOINT WARNING * * *
You feel sick. The adder misses you.
* * * LOW HITPOINT WARNING * * *
You feel sick. The water moccasin bites you.
* * * LOW HITPOINT WARNING * * *
* * * LOW HITPOINT WARNING * * *
You feel sick.
The adder misses the adder.
There is an open door here.
The adder closely misses the adder.
Casting: Mephitic Cloud
Confirm with . or Enter, or press ? or * to list all spells.
Okay, then.
Casting: Mephitic Cloud
Confirm with . or Enter, or press ? or * to list all spells.
You feel better. The water moccasin bites you.
You die...

........#
#.#
........#
#.#
........#
#.#
^.......#
#.#
<.......#
#.#
........#
#.#
#########
##.# #..#
#@## #S#
#####S###
#.......#
+....S..#
#.......##
#......).#
#..#####.#
#.##...#.#


You could see a water moccasin and 2 adders.

Vanquished Creatures
  A scorpion (D:4)
  2 adders
  2 worms
  An ooze (D:1)
  5 giant geckos
  5 orcs
  6 bats
  3 giant cockroaches
  5 hobgoblins
  7 kobolds
  3 ball pythons
  4 giant newts
  11 goblins
  2 jackals (D:2)
  A kobold skeleton (D:3)
  6 rats
64 creatures vanquished.

Notes
Turn   | Place    | Note
--------------------------------------------------------------
     0 | D:1      | Zergel, the Spriggan Venom Mage, began the quest for the Orb.
     0 | D:1      | Reached XP level 1. HP: 9/9 MP: 4/4
   509 | D:1      | Reached XP level 2. HP: 13/13 MP: 3/6
  1486 | D:1      | Reached XP level 3. HP: 16/16 MP: 4/9
  1737 | D:2      | Learned a level 2 spell: Cure Poison
  1789 | D:2      | Reached skill level 1 in Throwing
  2069 | D:2      | Found a basalt altar of Yredelemnul.
  2110 | D:2      | Found a bloodstained altar of Trog.
  2695 | D:3      | Found an ancient bone altar of Kikubaaqudgha.
  2889 | D:3      | Learned a level 3 spell: Mephitic Cloud
  2905 | D:3      | Reached XP level 4. HP: 21/21 MP: 8/12
  4134 | D:5      | Entered Level 5 of the Dungeon
  4282 | D:5      | Found Khiecs' Serpentskin Sales.
  4282 | D:5      | Noticed a water moccasin
  4308 | D:5      | Slain by a water moccasin

Action                   |  1- 3 |  4- 6 || total
-------------------------+-------+-------++-------
Melee: Short sword       |       |    58 ||    58
       Dagger            |       |     5 ||     5
Throw: Dart              |    49 |    47 ||    96
 Cast: Sting             |   107 |    58 ||   165
       Mephitic Cloud    |       |     3 ||     3
       Cure Poison       |       |     1 ||     1
  Use: Scroll            |     2 |       ||     2
